 Dungeon Crawl Stone Soup version 0.25.1-8-g42b30a86e7 (webtiles) character file.

Game seed: 4897762918649028455

4279 KamiKatze the Shield-Bearer (level 10, -9/83 (84) HPs)
             Began as a Ghoul Fighter on Dec 14, 2020.
             Was an Elder of Okawaru.
             Mangled by a two-headed ogre
             ... wielding a +0 giant spiked club
              (13 damage)
             ... on level 11 of the Dungeon.
             The game lasted 00:36:18 (6752 turns).

KamiKatze the Shield-Bearer (Ghoul Fighter)         Turns: 6752, Time: 00:36:19

HP:   -9/83 (84)    AC: 10    Str: 23    XL:     10   Next: 31%
MP:   11/11         EV: 10    Int:  4    God:    Okawaru [****..]
Gold: 388           SH: 11    Dex: 12    Spells: 9/9 levels left

rFire    . . .     SeeInvis .   a - +0 war axe
rCold    + . .     Gourm    .   c - +0 kite shield
rNeg     + + +     Faith    .   b - +0 scale mail
rPois    ∞         Spirit   .   (no helmet)
rElec    .         Reflect  .   z - +0 cloak of the Lair of Beasts {+Blink Dex+4}
rCorr    .         Harm     .   K - +0 pair of gloves
MR       .....                  (no boots)
Stlth    ..........             (no amulet)
HPRegen  0.00/turn              w - ring of wizardry
MPRegen  0.12/turn              D - ring of flight

@: mighty, rotting
A: rotting body, claws 1, carnivore, cold resistance 1, negative energy
resistance 3, inhibited regeneration, torment resistance, unbreathing
a: Heroism, Renounce Religion, Evoke Blink, Evoke Flight


You were on level 11 of the Dungeon.
You worshipped Okawaru.
Okawaru was greatly pleased with you.
You were not hungry.

You visited 2 branches of the dungeon, and saw 11 of its levels.

You collected 388 gold pieces.

Inventory:

Hand Weapons
 a - a +0 war axe (weapon)
 k - a +1 whip of venom
 x - a +0 mace
 M - a +0 battleaxe
Missiles
 j - 258 stones
 r - 5 boomerangs of dispersal
 I - 14 poisoned darts (quivered)
Armour
 b - a +0 scale mail (worn)
 c - a +0 kite shield (worn)
 u - a +0 cloak
 z - the +0 cloak of the Lair of Beasts (worn) {+Blink Dex+4}
   (You found it on level 6 of the Dungeon)

   It affects your dexterity (+4).
   It lets you blink.
 K - a +0 pair of gloves (worn)
 N - a +0 plate armour
 O - a +0 chain mail
Jewellery
 o - an uncursed ring of ice
 w - a ring of wizardry (left hand)
 D - a ring of flight (right hand)
Wands
 Q - a wand of enslavement (10)
Scrolls
 e - a scroll of enchant armour {unknown}
 h - 9 scrolls of teleportation {unknown}
 n - 9 scrolls of remove curse {unknown}
 s - 3 scrolls of amnesia {unknown}
 v - a scroll of fog {unknown}
 y - 4 scrolls of blinking {unknown}
 A - a scroll of noise {unknown}
 C - 2 scrolls of fear {unknown}
 H - a scroll of immolation {unknown}
 L - 2 scrolls of magic mapping {unknown}
Potions
 g - 2 potions of curing
 i - 2 potions of stabbing
 m - 4 potions of cancellation
 p - 3 potions of heal wounds
 q - 4 potions of haste
 B - a potion of magic
 E - a potion of berserk rage
 F - a potion of invisibility {unknown}
 G - a potion of resistance {unknown}
 P - a potion of lignification
Comestibles
 f - 13 rations


   Skills:
 + Level 6.6 Fighting
 * Level 7.2 Axes
 + Level 5.6 Armour
 + Level 4.6 Dodging
 * Level 7.5 Shields
 - Level 3.0 Invocations
 - Level 2.0 Evocations


You had 9 spell levels left.
You didn't know any spells.
Your spell library was empty.

Dungeon Overview and Level Annotations

Branches:
Dungeon (9/15)             Temple (1/1) D:4             Orc (0/2) D:9
   Lair: D:8-11

Altars:
Ashenzari
Cheibriados
Dithmenos
Elyvilon
Fedhas
Gozag
Hepliaklqana
Kikubaaqudgha
Makhleb
Nemelex Xobeh
Okawaru
Qazlal
Ru
Sif Muna
Trog
Uskayaw
Vehumet
Wu Jian
Xom
Yredelemnul
Zin
The Shining One

Shops:
D:5 !

Annotations:
D:9 1 runed translucent door, OneTabMan's ghost, novice GrFi


Innate Abilities, Weirdness & Mutations

Your body is rotting away.
You thrive on raw meat.
You are immune to poison.
You have sharp fingernails.
You are carnivorous and can eat meat at any time.
Your flesh is cold resistant. (rC+)
You are immune to negative energy. (rN+++)
You do not regenerate when monsters are visible.
You are immune to unholy pain and torment.
You can survive without breathing.


Message History

You barely miss the two-headed ogre.
The two-headed ogre is moderately wounded.
The two-headed ogre hits you with a +0 giant spiked club!!
* * * LOW HITPOINT WARNING * * *
The two-headed ogre hits you with a +0 giant club.
* * * LOW HITPOINT WARNING * * *
You slash the two-headed ogre!
The two-headed ogre is severely wounded.
The two-headed ogre hits you with a +0 giant spiked club!
* * * LOW HITPOINT WARNING * * *
You block the two-headed ogre's attack.
You slash the two-headed ogre!
The two-headed ogre is almost dead.
The two-headed ogre hits you with a +0 giant spiked club!
* * * LOW HITPOINT WARNING * * *
You block the two-headed ogre's attack.
You hit the two-headed ogre.
The two-headed ogre is almost dead.
The two-headed ogre hits you with a +0 giant spiked club!
You die...

##########
.........#
.........#
#...|O..#
#.....@.#
#.......#
#.......#
#.......#
#.......#
#.......#
#...#...#
....#...#


You could see a two-headed ogre.

Vanquished Creatures
  A two-headed ogre (D:8)
  A troll (D:9)
  Prince Ribbit (D:5)
  A hippogriff (D:7)
  Eustachio (D:4)
  A phantom (D:6)
  3 orc warriors
  2 sky beasts
  A black bear (D:8)
  7 ogres
  A necrophage (D:8)
  A centaur (D:7)
  3 bullfrogs
  4 scorpions
  A howler monkey (D:5)
  3 crimson imps
  A bullfrog zombie (D:8)
  A jelly (D:7)
  3 hounds
  3 orc priests
  A centaur skeleton (D:7)
  7 orc wizards
  A bullfrog skeleton (D:6)
  Jessica (D:2)
  2 iguanas (D:8)
  3 worker ants
  A hound zombie (D:8)
  2 hound skeletons
  A worker ant zombie (D:7)
  4 gnolls
  14 adders
  3 shadow imps
  An ooze (D:2)
  4 adder skeletons
  An adder zombie (D:9)
  A worm (D:2)
  3 dart slugs (D:1)
  4 leopard geckos
  25 orcs
  2 ball pythons
  6 giant cockroaches
  5 goblins
  9 hobgoblins
  4 jackals (D:4)
  12 kobolds
  2 quokkas
  A ball python zombie (D:6)
  5 bats
  A frilled lizard (D:1)
  5 rats
171 creatures vanquished.

Vanquished Creatures (others)
  A fungus (D:9)
  5 plants (D:9)
6 creatures vanquished.

Grand Total: 177 creatures vanquished

Notes
Turn   | Place    | Note
-------+----------+-------------------------------------------
     0 | D:1      | KamiKatze the Ghoul Fighter began the quest for the Orb.
     0 | D:1      | Reached XP level 1. HP: 19/19 MP: 0/0
   207 | D:1      | Reached XP level 2. HP: 15/26 MP: 1/1
   583 | D:1      | Reached XP level 3. HP: 25/31 MP: 2/2
  1037 | D:2      | Reached XP level 4. HP: 32/39 MP: 3/3
  1057 | D:2      | Noticed Jessica
  1091 | D:2      | Killed Jessica
  1091 | D:2      | Reached skill level 1 in Dodging
  1517 | D:3      | Reached XP level 5. HP: 37/46 MP: 4/4
  2299 | D:4      | Found a staircase to the Ecumenical Temple.
  2302 | D:4      | Noticed an ogre
  2415 | Temple   | Entered the Ecumenical Temple
  2418 | Temple   | Reached XP level 6. HP: 52/52 MP: 5/5
  2637 | Temple   | Became a worshipper of Warmaster Okawaru
  3021 | D:4      | Noticed Eustachio
  3084 | D:4      | Killed Eustachio
  3084 | D:4      | Reached XP level 7. HP: 38/59 MP: 6/6
  3266 | D:5      | Entered Level 5 of the Dungeon
  3343 | D:4      | Reached * piety under Okawaru
  3475 | D:5      | Noticed Prince Ribbit
  3530 | D:5      | Killed Prince Ribbit
  3530 | D:5      | Reached skill level 1 in Invocations
  3530 | D:5      | Reached XP level 8. HP: 45/67 MP: 5/8
  3617 | D:5      | Reached skill level 5 in Shields
  3663 | D:5      | Found a shattered altar of Ashenzari.
  3678 | D:5      | Reached ** piety under Okawaru
  3803 | D:5      | Reached skill level 5 in Fighting
  3828 | D:5      | Found Leolia's Distillery.
  3843 | D:5      | Found a hide-covered altar of Uskayaw.
  3930 | D:5      | Reached skill level 5 in Axes
  4602 | D:6      | Found a hazy altar of Hepliaklqana.
  4603 | D:6      | Found a shadowy altar of Dithmenos.
  4605 | D:6      | Noticed a shadow
  4790 | D:6      | Got a masterwork cloak
  4801 | D:6      | Identified the +0 cloak of the Lair of Beasts {+Blink
                  | Dex+4} (You found it on level 6 of the Dungeon)
  4973 | D:7      | Noticed a hippogriff
  4992 | D:7      | Killed a hippogriff
  4992 | D:7      | Reached *** piety under Okawaru
  4992 | D:7      | Reached XP level 9. HP: 58/74 MP: 6/10
  5682 | D:8      | Found a sacrificial altar of Ru.
  5770 | D:8      | Noticed a two-headed ogre
  5785 | D:8      | Killed a two-headed ogre
  5785 | D:8      | Reached skill level 5 in Armour
  5785 | D:8      | Reached skill level 1 in Evocations
  5900 | D:8      | Reached XP level 10. HP: 47/83 MP: 8/11
  5912 | D:8      | Reached **** piety under Okawaru
  6055 | D:8      | Found a burning altar of Makhleb.
  6058 | D:8      | Found a shimmering altar of Xom.
  6060 | D:8      | Found a snail-covered altar of Cheibriados.
  6060 | D:8      | Found a basalt altar of Yredelemnul.
  6060 | D:8      | Found a shimmering blue altar of Sif Muna.
  6065 | D:8      | Found a glowing golden altar of the Shining One.
  6343 | D:9      | Found a runed translucent door.
  6344 | D:9      | Identified the +8 trident "Illeohow" {protect, rF- Int+4
                  | SInv Stlth+}
  6344 | D:9      | Noticed OneTabMan's ghost (novice GrFi)
  6519 | D:9      | Found a staircase to the Orcish Mines.
  6746 | D:9      | You fall into a shaft and drop 2 floors!
  6746 | D:11     | Noticed a two-headed ogre
  6751 | D:11     | HP: 4/83 [two-headed ogre/+0 giant spiked club (12)]
  6752 | D:11     | Mangled by a two-headed ogre

Illustrated notes

Levels and vault maps discovered:
D:1:      minmay_arrival_loop, layout_loops_ring, st_stairs_10
D:2:      layout_basic, uniq_jessica
D:3:      layout_loops_ring, guppyfry_early_orc_mine
D:4:      layout_rooms, minmay_temple_entry_junction, uniq_eustachio
D:5:      layout_rooms, ashenzari_altar_1, lemuel_doored_altar, first_ration,
          serial_shops, nicolae_shop_behind_doors, minmay_misc_feat_doors,
          uniq_prince_ribbit1
D:6:      layout_cave_pods, riverfiend_overflow_shadow_ancestor
D:7:      layout_cave_pools, serial_column_ruins, column_ruins_grid_1,
          column_ruins_grid_3, column_ruins_grid_1, column_ruins_open_tiny,
          column_ruins_open_small
D:8:      layout_rooms, nicolae_ru_great_annihilating_truth, minitemple
D:9:      layout_loops_ring, orc_0_dummy, ebering_ghost_funeral_grove
D:11:     layout_small_grid, david_lair_generic, grunt_tengu_nest, uniq_maurice
Temple:   minmay_temple_curvy_loop

Skill      XL: |  1  2  3  4  5  6  7  8  9 10 |
---------------+-------------------------------+-----
Axes           | 2 3 4 5 6 7 |  7.2
Shields        | 3 4 5 7 |  7.5
Armour         | 3 4 5 |  5.6
Dodging        | 1 2 3 4 |  4.6
Fighting       | 4 5 6 |  6.6
Invocations    | 1 2 3 |  3.0
Evocations     | 1 2 |  2.0

Action                   |  1- 3 |  4- 6 |  7- 9 | 10-12 || total
-------------------------+-------+-------+-------+-------++-------
Melee: War axe           |    96 |   200 |   392 |    98 ||   786
Throw: Stone             |       |     7 |    22 |       ||    29
       Dart              |       |       |     3 |       ||     3
Invok: Heroism           |       |       |     6 |     2 ||     8
  Use: Scroll            |       |       |       |     8 ||     8
       Potion            |       |       |       |     3 ||     3
 Stab: Paralysed         |       |       |     2 |       ||     2
  Eat: Chunk             |    12 |     8 |    48 |    25 ||    93
       Ration            |       |       |     1 |       ||     1
Armor: Scale mail        |    30 |   111 |   145 |    32 ||   318
Dodge: Dodged            |    32 |    68 |   146 |    49 ||   295
Block: Kite shield       |    41 |   122 |   218 |    77 ||   458
